 Dungeon Crawl Stone Soup version 0.28-a0-381-g937acc2988 (webtiles) character file.

Game seed: 11528342511971545077

619622 dolemite99 the Pandemonic (level 27, -15/243 HPs)
             Began as a Deep Dwarf Fighter on Sept 1, 2021.
             Was a High Priest of Makhleb.
             Killed from afar by an ancient champion (20 damage)
             ... with an iron shot
             ... on level 6 of a ziggurat on Sept 2, 2021.
             The game lasted 02:50:41 (79580 turns).

dolemite99 the Pandemonic (Deep Dwarf Fighter)     Turns: 79580, Time: 02:50:41

Health: -15/243    AC: 37    Str: 35    XL:     27
Magic:  3/11       EV: 13    Int: 22    God:    Makhleb [*****.]
Gold:   5538       SH: 12    Dex:  7    Spells: 9/44 levels left

rFire   + . .      SeeInvis +   b - +9 broad axe (elec)
rCold   + + .      Faith    .   c - +0 kite shield
rNeg    + + +      Spirit   .   l - +6 storm dragon scales {Bai Suzhen}
rPois   .          Reflect  .   Q - +2 helmet {Int+3}
rElec   +          Harm     .   X - scarf {rC+ rF+}
rCorr   .          Rampage  .   v - +3 pair of gauntlets of War {Slay+5}
Will    +++++      Clarity  +   g - +2 pair of boots {Fly}
Stlth   ..........              H - amulet of the Four Winds {rN+ Will+++ Clar}
HPRegen 0.00/turn               r - ring of Xafigum {rN+ Will+ Int+4 Dex-5 SInv}
MPRegen 0.12/turn               V - ring of the Firefly {rC+ Str+8, =R}

@: flayed, flying, studying Summonings
A: damage resistance, heal wounds, negative energy resistance 1, sense
surroundings 3, no regeneration, frail 1, no potion heal 1, subdued magic 1
}: 3/15 runes: decaying, serpentine, silver
a: Heal Wounds, Renounce Religion, Minor Destruction, Lesser Servant of Makhleb,
Major Destruction, Greater Servant of Makhleb


You were on level 6 of a ziggurat.
You worshipped Makhleb.
Makhleb was extremely pleased with you.
You visited 11 branches of the dungeon, and saw 49 of its levels.
You visited the Abyss 1 time.
You visited 1 ziggurat, and saw 6 of its levels.
You also visited: Gauntlet and Ice Cave.

You collected 10945 gold pieces.
You spent 5407 gold pieces at shops.

Inventory:

Hand Weapons
 a - the +10 fustibalus of Painyx {venom, Will+ Int+3 Dex+4}
   (You acquired it on level 7 of the Dungeon)

   Any ammunition fired from it poisons the flesh of those it strikes.
   Int:       It affects your intelligence (+3).
   Dex:       It affects your dexterity (+4).
   Will:      It increases your willpower.
 b - a +9 broad axe of electrocution (weapon)
 w - the +4 war axe "Demonbane" {protect, rElec Int+4}
   (You took it off a deep elf annihilator on level 3 of the Elven Halls)

   It grants its wielder temporary protection when it strikes (+7 to AC).
   Int:       It affects your intelligence (+4).
   rElec:     It insulates you from electricity.
Missiles
 p - 767 stones (quivered)
 y - 23 sling bullets
Armour
 c - a +0 kite shield (worn)
 g - a +2 pair of boots of flying (worn)
 l - +6 storm dragon scales (worn) {Bai Suzhen}
 v - the +3 pair of gauntlets of War (worn) {Slay+5}
   (You acquired it on level 4 of a ziggurat)

   Slay:      It affects your accuracy & damage with ranged weapons and melee
   (+5).
 B - +3 gold dragon scales
 Q - a +2 helmet of intelligence (worn)
 X - a scarf of resistance (worn)
Jewellery
 d - the ring "Cot Buuh" {rN++ Dex+6 Slay+4 Stlth-}
   (You took it off a deep elf annihilator on level 3 of the Elven Halls)

   [ring of dexterity]

   Dex:       It affects your dexterity (+6).
   Slay:      It affects your accuracy & damage with ranged weapons and melee
   (+4).
   rN:        It greatly protects you from negative energy.
   Stlth:     It makes you less stealthy.
 i - the ring "Rahul" {Wiz rF+ Str+4}
   (You bought it in a shop on level 2 of the Snake Pit)

   [ring of wizardry]

   It improves your spell success rate.
   Str:       It affects your strength (+4).
   rF:        It protects you from fire.
 n - the ring "Egeath" {rC+ EV+4}
   (You took it off a vault guard on level 5 of the Vaults)

   [ring of evasion]

   EV:        It affects your evasion (+4).
   rC:        It protects you from cold.
 r - the ring of Xafigum (left hand) {rN+ Will+ Int+4 Dex-5 SInv}
   (You bought it in a shop on level 2 of the Snake Pit)

   [ring of positive energy]

   Int:       It affects your intelligence (+4).
   Dex:       It affects your dexterity (-5).
   rN:        It protects you from negative energy.
   SInv:      It lets you see invisible.
   Will:      It increases your willpower.
 H - the amulet of the Four Winds (around neck) {rN+ Will+++ Clar}
   (You found it on level 2 of the Crypt)

   [amulet of nothing]

   rN:        It protects you from negative energy.
   Clar:      It protects you against confusion.
   Will:      It greatly increases your willpower.
 I - the ring "Xowextul" {Drain rC++ rN++ Dex+6}
   (You took it off a vault guard on level 5 of the Vaults)

   [ring of dexterity]

   Dex:       It affects your dexterity (+6).
   rC:        It greatly protects you from cold.
   rN:        It greatly protects you from negative energy.
   Drain:     It drains your maximum health when unequipped.
 V - the ring of the Firefly (right hand) {rC+ Str+8, =R}
   (You bought it in a shop on level 1 of the Orcish Mines)

   [ring of protection from cold]

   Str:       It affects your strength (+8).
   rC:        It protects you from cold.
Wands
 L - a wand of paralysis (50)
 N - a wand of iceblast (2)
 P - a wand of charming (7)
 T - a wand of polymorph (36)
 U - a wand of mindburst (44)
Scrolls
 h - 11 scrolls of immolation
 k - 15 scrolls of teleportation
 m - 6 scrolls of silence
 u - a scroll of magic mapping
 C - 2 scrolls of enchant weapon
 E - 5 scrolls of torment
 F - a scroll of blinking
 O - 3 scrolls of fog
 Y - 27 scrolls of identify {@r1}
Potions
 e - a potion of ambrosia
 j - 9 potions of flight
 o - 6 potions of attraction
 q - 2 potions of haste
 t - 3 potions of cancellation
 z - 23 potions of curing
 A - 5 potions of brilliance
 D - 5 potions of might
 K - 13 potions of lignification
 W - 5 potions of mutation
Miscellaneous
 f - a tin of tremorstones (inert)
 s - a condenser vane
 x - a phial of floods (inert)
 R - a phantom mirror


   Skills:
 + Level 20.4 Fighting
 - Level 17.8(18.0) Axes
 - Level 3.4(10.8) Polearms
 - Level 13.8 Slings
 - Level 19.1 Armour
 - Level 15.5 Dodging
 - Level 15.0 Shields
 - Level 9.1 Spellcasting
 - Level 6.5 Summonings
 + Level 17.1 Necromancy
 - Level 15.4 Translocations
 - Level 20.9 Invocations
 - Level 13.7 Evocations


You had 9 spell levels left.
You knew the following spells:

 Your Spells              Type           Power      Damage    Failure   Level
a - Animate Skeleton      Necr           100%       N/A       0%          1
b - Vampiric Draining     Necr           30%        2d10      1%          3
c - Mephitic Cloud        Conj/Pois/Air  7%         N/A       38%         3
d - Apportation           Tloc           100%       N/A       0%          1
e - Swiftness             Air            7%         N/A       38%         3
f - Blink                 Tloc           N/A        N/A       1%          2
g - Death Channel         Necr           30%        N/A       1%          6
h - Passage of Golubria   Tloc           N/A        N/A       1%          4
i - Lesser Beckoning      Tloc           56%        N/A       1%          3
j - Dispel Undead         Necr           60%        3d21      1%          4
k - Manifold Assault      Tloc           56%        N/A       1%          5

Your spell library contained the following spells:

 Spells                   Type           Power      Damage    Failure   Level
 Pain                     Necr           100%       1d9       0%          1
 Summon Small Mammal      Summ           100%       N/A       1%          1
 Call Imp                 Summ           29%        N/A       1%          2
 Corpse Rot               Necr/Air       N/A        N/A       1%          2
 Gell's Gravitas          Tloc           28%        N/A       1%          3
 Teleport Other           Tloc           56%        N/A       1%          3
 Animate Dead             Necr           30%        N/A       1%          4
 Call Canine Familiar     Summ           29%        N/A       2%          3
 Summon Forest            Summ/Tloc      22%        N/A       3%          5
 Iskenderun's Mystic Bla  Conj/Tloc      33%        2d8       4%          4
 Summon Guardian Golem    Hex/Summ       18%        N/A       10%         3
 Corona                   Hex            7%         N/A       13%         1
 Foxfire                  Conj/Fire      28%        2x1d5     13%         1
 Magic Dart               Conj           28%        1d4       13%         1
 Shock                    Conj/Air       28%        1d4       13%         1
 Ensorcelled Hibernation  Hex/Ice        14%        N/A       21%         2
 Poisonous Vapours        Pois/Air       14%        N/A       21%         2
 Searing Ray              Conj           14%        3d3       21%         2
 Slow                     Hex            7%         N/A       21%         2
 Static Discharge         Conj/Air       7%         N/A       21%         2
 Summon Ice Beast         Ice/Summ       18%        N/A       34%         4
 Confusing Touch          Hex            7%         N/A       38%         3
 Conjure Flame            Conj/Fire      7%         6-21      38%         3
 Dazzling Flash           Conj/Hex       14%        N/A       38%         3
 Frozen Ramparts          Ice            14%        1d3       38%         3
 Inner Flame              Hex/Fire       7%         N/A       38%         3
 Spider Form              Tmut/Pois      3%         N/A       38%         3
 Stone Arrow              Conj/Erth      14%        3d7       38%         3
 Tukima's Dance           Hex            7%         N/A       38%         3
 Infestation              Necr           30%        N/A       61%         8
 Haunt                    Necr/Summ      23%        N/A       67%         7
 Summon Mana Viper        Hex/Summ       18%        N/A       71%         5
 Airstrike                Air            3%         N/A       80%         4
 Cause Fear               Hex            3%         N/A       80%         4
 Ice Form                 Ice/Tmut       7%         N/A       80%         4
 Petrify                  Tmut/Erth      7%         N/A       80%         4
 Sticky Flame             Conj/Fire      7%         2d3       80%         4
 Summon Cactus Giant      Summ           14%        N/A       83%         6
 Alistair's Intoxication  Tmut/Pois      4%         N/A       99%         5
 Blade Hands              Tmut           3%         N/A       99%         5
 Bolt of Magma            Conj/Fire/Erth 3%         4d5       99%         5
 Fireball                 Conj/Fire      3%         3d4       99%         5
 Freezing Cloud           Conj/Ice/Air   3%         6-21      99%         5
 Iskenderun's Battlesphe  Conj           7%         2d6       99%         5
 Metabolic Englaciation   Hex/Ice        3%         N/A       99%         5
 Silence                  Hex/Air        3%         N/A       99%         5
 Yara's Violent Unravell  Hex/Tmut       3%         3d4       99%         5
 Eringya's Noxious Bog    Tmut/Pois      3%         N/A       100%        6
 Invisibility             Hex            3%         N/A       100%        6
 Iron Shot                Conj/Erth      3%         9d2       100%        6
 Starburst                Conj/Fire      3%         6d3       100%        6
 Statue Form              Tmut/Erth      4%         N/A       100%        6
 Monstrous Menagerie      Summ           14%        N/A       100%        7
 Orb of Destruction       Conj           3%         9d1       100%        7
 Spellforged Servitor     Conj/Summ      9%         N/A       100%        7
 Storm Form               Tmut/Air       3%         N/A       100%        7
 Summon Hydra             Summ           14%        N/A       100%        7
 Discord                  Hex            3%         N/A       100%        8
 Lehudib's Crystal Spear  Conj/Erth      3%         10d3      100%        8
 Chain Lightning          Conj/Air       3%         3d4       100%        9
 Shatter                  Erth           3%         3d7*      100%        9


Dungeon Overview and Level Annotations

Branches:
Dungeon (15/15)            Temple (1/1) D:4            Lair (6/6) D:11
  Swamp (4/4) Lair:4        Snake (4/4) Lair:2        Slime (0/5) Lair:6
    Orc (2/2) D:10            Elf (3/3) Orc:2        Vaults (5/5) D:14
  Crypt (3/3) Vaults:3       Tomb (0/3) Crypt:3      Depths (5/5) D:15
    Zot (1/5) Depths:5      IceCv (visited)         Gauntlet (visited)

Altars:
Ashenzari
Cheibriados
Dithmenos
Elyvilon
Fedhas
Gozag
Hepliaklqana
Kikubaaqudgha
Makhleb
Nemelex Xobeh
Okawaru
Qazlal
Ru
Sif Muna
Uskayaw
Vehumet
Wu Jian
Xom
Yredelemnul
Zin
The Shining One
Beogh
Jiyva

Shops:
D:2 *:[(   D:5 (   D:14 *   Orc:1 *=   Orc:2 :=[((   Snake:1 (   Snake:2 ==**
Snake:4 *   Vaults:3 ?

Portals:
Hell: Depths:2 Depths:3 Depths:4 Depths:5
Abyss: Depths:2 Depths:4 Depths:5
Pandemonium: Depths:2 Depths:3 Depths:5

Annotations:
D:3 2 runed translucent doors, dolemite99's ghost, amateur MiMo
D:5 1 exclusion
Lair:3 exclusion: oklob plant
Lair:5 exclusion: downstairs
Elf:2 3 runed translucent doors


Innate Abilities, Weirdness & Mutations

You are resistant to damage.
You can heal yourself by infusing magical energy.
You resist negative energy. (rN+)
You passively map a large area around you.
You do not regenerate.
You are frail. (-10% HP)
Potions are less effective at restoring your health.
Your spells are a little easier to cast, but a little less powerful.


Message History

* * * LOW HITPOINT WARNING * * *
x2 The vampire knight gestures wildly while chanting.
The vampire knight seems to speed up.
Casting: Blink (safe; 1% risk of failure)
Confirm with . or Enter, or press ? or * to list all spells.
You blink.
The ancient champion gestures wildly while chanting.
The ancient champion seems to speed up.
The phantasmal warrior gestures at you.
The phantasmal warrior blinks!
Casting: Blink (safe; 1% risk of failure)
Confirm with . or Enter, or press ? or * to list all spells.
You blink.
The ancient champion hits you with a +2 vorpal great mace!!
* * * LOW HITPOINT WARNING * * *
The ancient champion casts a spell.
The ancient champion seems to speed up.
The phantasmal warrior gestures at you.
The phantasmal warrior blinks!
Casting: Blink (safe; 1% risk of failure)
Confirm with . or Enter, or press ? or * to list all spells.
You blink.
The vampire knight points at you and mumbles some strange words.
The vampire knight blinks!
The eidolon gestures.
The eidolon radiates an aura of fear!
You are unaffected.
You block the phantasmal warrior's attack.
The eidolon gestures.
The eidolon radiates an aura of fear!
You are unaffected.
The ancient champion gestures at you while chanting.
The iron shot hits you!!!
* * * LOW HITPOINT WARNING * * *
The ancient champion hits you with a +2 great sword of draining.
The phantasmal warrior gestures at you.
The phantasmal warrior blinks!
The ancient champion hits you with a +2 vorpal great mace!
* * * LOW HITPOINT WARNING * * *
The ancient champion gestures at you while chanting.
The iron shot hits you!!
You die...

▓..§....▓
▓▓▓▓..≈....▓▓▓▓
▓....≈........▓
▓(/.≈≈........▓
▓∩))..........▓
▓>=)≈...W....∩▓
▓∩?}..W.......▓
▓...Wz........▓
▓...@zV.......▓
▓▓▓▓.zV§...▓▓▓▓
▓.......▓
▓▓▓▓▓▓▓▓▓


You could see 2 vampire knights, an eidolon, 3 ancient champions, a flayed ghost
and a phantasmal warrior.

Vanquished Creatures
  A dread lich (Vaults:5)
  An orb of fire (Zot:1)
  An ancient lich (Vaults:5)
  Mara (Crypt:3)
  Boris (Crypt:3)
  Saint Roka (Crypt:2)
  Bai Suzhen (Vaults:4)
  2 caustic shrikes
  7 golden dragons
  6 tentacled monstrosities
  6 titans (Vaults:5)
  3 deep elf blademasters
  6 liches
  A shard shrike skeleton (Crypt:2)
  5 quicksilver dragons
  A deep elf master archer (Elf:3)
  3 sphinxes
  Frances (Elf:1)
  5 ancient champions
  2 death cobs (Zot:1)
  A thorn hunter (Swamp:3)
  5 tengu reavers
  A sphinx (shapeshifter) (D:14)
  5 shadow dragons
  8 storm dragons
  14 nagarajas (Snake:4)
  4 revenants
  3 draconian monks
  9 fire giants
  16 vault wardens
  A fenstrider witch (Swamp:3)
  A balrug (Depths:5)
  10 frost giants
  Aizul (Vaults:2)
  3 draconian scorchers (Zot:1)
  2 draconian knights (Zot:1)
  2 iron dragons
  2 ghost moths
  5 deep elf sorcerers
  3 deep elf elementalists (Elf:3)
  A juggernaut zombie (Depths:4)
  2 draconian stormcallers (Zot:1)
  8 ghouls
  4 draconian shifters
  A spriggan defender (Depths:2)
  22 ironbound preservers
  2 reapers
  3 war gargoyles
  24 very ugly things
  A caustic shrike skeleton (Depths:4)
  3 draconian annihilators
  11 stone giants
  8 vampire knights
  6 deep elf demonologists
  6 black draconians
  10 deep elf annihilators
  Azrael (Elf:1)
  3 red draconians (Zot:1)
  4 white draconians
  3 green draconians (Zot:1)
  5 yellow draconians
  2 purple draconians (Zot:1)
  4 spark wasps (Depths:2)
  13 ettins
  6 dire elephants
  9 bunyips
  A blizzard demon (Depths:5)
  2 green deaths (Swamp:4)
  2 eidola
  6 eleionomae
  6 deep elf death magi
  An ettin (shapeshifter) (Vaults:5)
  2 mummy priests (Crypt:3)
  A merfolk javelineer (Depths:4)
  2 crystal guardians
  16 jiangshi
  Snorg (D:13)
  5 deep elf high priests
  A quicksilver dragon zombie (Crypt:3)
  4 fire dragons
  Josephine (Lair:4)
  A merfolk impaler (Depths:3)
  12 ironbound thunderhulks
  6 great orbs of eyes
  17 naga warriors
  2 peacekeepers
  15 yaktaur captains
  5 rakshasas
  29 vault guards
  21 hydras
  2 spriggan air magi
  2 boulder beetles
  An ice dragon (shapeshifter) (D:14)
  8 ice dragons
  3 hell beasts
  2 ogre magi (Vaults:5)
  12 centaur warriors
  A catoblepas (D:13)
  3 death knights
  A juggernaut simulacrum (Depths:4)
  9 ironbound frosthearts
  A ghost crab (Swamp:3)
  4 anacondas
  5 two-headed ogres
  9 deep troll shamans
  6 tengu warriors
  4 alligators
  21 death yaks
  The ghost of Atlas the Frost Mage, a novice DgIE (D:11)
  6 deep troll earth magi
  3 orc high priests
  8 vampire magi
  12 dancing weapons
  4 ironbound beastmasters
  A thrashing horror (Swamp:4)
  A titan zombie (Crypt:3)
  17 naga sharpshooters
  3 spriggan berserkers
  7 shock serpents
  Urug (D:12)
  13 deep elf knights
  3 soul eaters
  9 hell knights
  34 skeletal warriors
  8 iron trolls
  2 goliath frogs (Swamp:3)
  A storm dragon skeleton (Crypt:1)
  A fire crab (Lair:6)
  3 shadow wraiths
  2 salamander mystics
  5 flayed ghosts
  2 spectral death yaks (Lair:6)
  63 deep trolls
  10 sea snakes
  5 spriggan druids
  A spectral anaconda (Lair:6)
  9 swamp dragons
  7 wizards
  8 bog bodies
  A death drake (Swamp:1)
  6 naga ritualists
  2 glowing orange brains (Depths:4)
  20 ironbound convokers
  A wolf spider zombie (Crypt:2)
  7 lindwurms
  An obsidian statue (Lair:6)
  A golden dragon skeleton (Crypt:2)
  A harpy (Vaults:4)
  29 deep elf pyromancers
  14 phantasmal warriors
  3 orc knights
  10 deep elf archers
  30 deep elf zephyrmancers
  A mana viper (shapeshifter) (D:14)
  6 necromancers
  5 orc sorcerers
  3 will-o-the-wisps
  59 ugly things
  2 orb spiders (Zig:5)
  6 manticores
  7 mana vipers
  18 elephants
  11 salamanders
  An iron dragon skeleton (Crypt:2)
  7 cyclopes
  9 moths of wrath (Zot:1)
  A wolf spider (D:15)
  Maurice (D:13)
  Joseph (D:9)
  6 guardian serpents
  38 black mambas
  19 vault sentinels
  A fire giant skeleton (Crypt:3)
  An eye of devastation (shapeshifter) (Vaults:5)
  2 ice statues (IceCv)
  3 centaur zombies
  2 rust devils
  8 naga magi
  2 torpor snails (Zig:5)
  16 cane toads
  2 dire elephant skeletons
  A minotaur zombie (Crypt:1)
  2 orange demons (Swamp:4)
  2 gargoyles
  38 yaktaurs
  A catoblepas zombie (Crypt:2)
  3 rime drakes
  13 komodo dragons
  2 efreet (D:14)
  8 freezing wraiths
  A red draconian skeleton (Crypt:3)
  7 tengu conjurers
  4 ice devils (IceCv)
  A red devil (Depths:5)
  8 trolls
  A black draconian skeleton (Crypt:3)
  A meliai (shapeshifter) (Elf:1)
  A merfolk (shapeshifter) (Elf:2)
  A hellwing (Depths:5)
  4 guardian mummies (Crypt:3)
  A bloated husk (Swamp:2)
  A troll (shapeshifter) (D:13)
  A jumping spider (Zig:5)
  A hornet (shapeshifter) (Vaults:5)
  8 hornets
  4 polar bears
  A hydra skeleton (Crypt:3)
  15 blink frogs
  4 tyrant leeches
  43 slime creatures
  5 dream sheep (Lair:6)
  A dream sheep (shapeshifter) (Vaults:2)
  A boulder beetle zombie (Crypt:2)
  A meliai zombie (Crypt:1)
  6 flying skulls (Crypt:1)
  2 ice dragon skeletons
  9 spriggans
  A fire dragon skeleton (Crypt:1)
  3 shadows
  A redback (Zig:5)
  11 wraiths
  A tarantella (shapeshifter) (D:14)
  5 air elementals
  9 fire elementals
  An ushabti (Crypt:3)
  7 wyverns
  17 water elementals
  A fire bat (shapeshifter) (Vaults:3)
  48 yaks
  3 basilisks
  A tyrant leech zombie (Crypt:2)
  Grum (D:9)
  A steam dragon (Zig:2)
  17 vampire mosquitoes
  6 wargs
  A death yak simulacrum (IceCv)
  37 nagas
  15 swamp worms
  A spectral cane toad (Lair:6)
  A deep troll zombie (Crypt:2)
  15 water moccasins
  3 acid dragons
  A hell hound (Elf:1)
  26 orc warriors
  6 swamp drakes
  An ice beast (D:6)
  A black bear (shapeshifter) (Elf:2)
  2 elephant zombies
  5 black bears
  A necrophage (D:4)
  11 ogres
  17 wolves
  An ettin simulacrum (Crypt:3)
  An elephant skeleton (Lair:6)
  An ogre (shapeshifter) (D:14)
  10 centaurs
  A phantom (D:7)
  3 cane toad simulacra (Lair:6)
  Blork the orc (D:6)
  2 earth elementals
  9 bullfrogs
  3 two-headed ogre simulacra (IceCv)
  4 scorpions
  2 gnoll sergeants
  A hornet simulacrum (D:14)
  2 water moccasin skeletons
  A warg skeleton (Crypt:1)
  A shapeshifter zombie (Crypt:3)
  6 elephant simulacra
  14 wights
  3 electric eels
  A bullfrog zombie (D:5)
  A jelly (D:5)
  2 hounds (D:5)
  A bullfrog skeleton (Crypt:1)
  3 centaur skeletons
  2 gnoll shamans
  17 orc priests
  8 iron imps (Crypt:2)
  3 iguanas
  21 orc wizards
  3 troll simulacra (IceCv)
  2 spriggan simulacra (IceCv)
  A polar bear simulacrum (IceCv)
  A felid zombie (Crypt:3)
  A demigod zombie (Crypt:3)
  12 mummies (Crypt:3)
  21 gnolls
  A gnoll (shapeshifter) (Depths:3)
  10 adders
  2 naga simulacra (IceCv)
  A swamp drake skeleton (Crypt:2)
  3 white imps
  A worm (D:3)
  A barachi zombie (Crypt:1)
  3 dart slugs
  An orc (shapeshifter) (Vaults:5)
  85 orcs
  8 endoplasms
  2 giant cockroaches (D:1)
  6 goblins
  7 hobgoblins
  4 jackals (D:1)
  9 ball pythons
  3 bats
  4 frilled lizards
  A gnoll skeleton (Crypt:1)
  A gnoll zombie (Crypt:2)
  4 kobolds
  5 rats
1989 creatures vanquished.

Vanquished Creatures (collateral kills)
  Sojobo (Depths:5)
  A golden dragon (Depths:3)
  An electric golem (Zot:1)
  A deep elf master archer (Elf:3)
  A titan (Vaults:5)
  2 ancient champions (Crypt:3)
  A storm dragon (Vaults:5)
  2 tengu reavers
  A draconian monk (Zot:1)
  3 fire giants
  2 deep elf sorcerers (Elf:3)
  A vault warden (Vaults:4)
  A draconian knight (Zot:1)
  Louise (Swamp:1)
  An orc warlord (Vaults:2)
  A deep elf elementalist (Elf:3)
  2 ghouls (Crypt:3)
  3 ironbound preservers
  2 spriggan defenders (Depths:5)
  3 stone giants
  A war gargoyle (Vaults:1)
  7 very ugly things
  A yellow draconian (Zot:1)
  2 spark wasps
  2 bunyips (Swamp:4)
  5 deep elf annihilators (Elf:3)
  The ghost of Maimakterion the Geomancer, a journeyman DEEE of Vehumet (D:12)
  An ettin (Vaults:5)
  2 deep elf death magi (Elf:3)
  A yaktaur captain (Vaults:5)
  A hydra (Swamp:4)
  2 vault guards (Vaults:5)
  A hydra (shapeshifter) (Vaults:5)
  A peacekeeper (Vaults:1)
  2 naga warriors
  A two-headed ogre (D:12)
  A deep troll shaman (Depths:1)
  A deep troll earth mage (Depths:2)
  An orc high priest (Orc:2)
  A vampire mage (Crypt:3)
  3 spriggan berserkers (Depths:5)
  An ironbound beastmaster (Vaults:1)
  A hell knight (Depths:3)
  2 naga sharpshooters
  4 spriggans
  3 skeletal warriors (Crypt:3)
  A sea snake (Snake:4)
  A goliath frog (Swamp:1)
  9 deep trolls
  A naga ritualist (Snake:4)
  An ironbound convoker (Vaults:1)
  2 wizards
  A necromancer (Lair:6)
  2 orc knights (Orc:2)
  A will-o-the-wisp (Swamp:4)
  An orc sorcerer (Orc:2)
  18 ugly things
  A moth of wrath (Zot:1)
  2 guardian serpents (Snake:4)
  4 black mambas
  2 naga magi (Snake:1)
  An orange demon (Swamp:4)
  A torpor snail (Lair:2)
  A freezing wraith (Vaults:5)
  An ice devil (IceCv)
  A komodo dragon (Lair:5)
  A yaktaur (Vaults:4)
  4 hornets
  2 blink frogs (Lair:2)
  2 tyrant leeches (Swamp:1)
  A slime creature (Vaults:3)
  A dream sheep (shapeshifter) (Vaults:5)
  2 wraiths (Lair:4)
  A yak (Lair:2)
  A vampire mosquito (Lair:4)
  3 swamp worms (Swamp:1)
  4 nagas
  An infernal demonspawn skeleton (Crypt:3)
  2 ogres (D:12)
  A hog skeleton (Crypt:3)
158 creatures vanquished.

Vanquished Creatures (others)
  A death cob (Zot:1)
  A yellow draconian (Zot:1)
  A goliath frog (Swamp:3)
  A wizard (Vaults:3)
  A deep elf zephyrmancer (Elf:1)
  An orange demon (Swamp:4)
  A centaur simulacrum (D:14)
  An orc wizard (Orc:2)
  An orc (Orc:2)
  3 demonic plants (Gauntlet)
  21 foxfires
  57 fungi
  115 plants
  21 withered plants (Lair:6)
226 creatures vanquished.

Grand Total: 2373 creatures vanquished

Notes
Turn   | Place    | Note
-------+----------+-------------------------------------------
     0 | D:1      | dolemite99 the Deep Dwarf Fighter began the quest for the
                  | Orb.
     0 | D:1      | Reached XP level 1. HP: 20/20 MP: 1/1
   170 | D:1      | Reached XP level 2. HP: 24/27 MP: 2/2
   562 | D:1      | Reached XP level 3. HP: 27/33 MP: 3/3
  1214 | D:2      | Found Orit's Assorted Antiques.
  1339 | D:2      | Bought a scroll labelled FAG DEGOIF RAE for 23 gold pieces
  1339 | D:2      | Bought a pink potion for 20 gold pieces
  1444 | D:2      | Found a faded altar of an unknown god.
  1532 | D:2      | Found Gyroh's Book Shoppe.
  1620 | D:2      | Found Kezuyss's Antique Armour Shoppe.
  1677 | D:2      | Found Ikibukh's Weapon Emporium.
  2170 | D:3      | Found a large runed translucent door.
  2171 | D:3      | Found a large runed translucent door.
  2171 | D:3      | Noticed dolemite99's ghost (amateur MiMo)
  2295 | D:3      | Reached XP level 4. HP: 24/40 MP: 4/4
  2356 | D:3      | Reached skill level 5 in Axes
  2496 | D:3      | Reached XP level 5. HP: 33/46 MP: 3/3
  3166 | D:4      | Found a staircase to the Ecumenical Temple.
  3183 | Temple   | Entered the Ecumenical Temple
  3225 | Temple   | Became a worshipper of Makhleb the Destroyer
  3385 | D:5      | Entered Level 5 of the Dungeon
  3497 | D:4      | Reached XP level 6. HP: 23/55 MP: 4/4
  3669 | D:4      | Found a sparkling altar of Nemelex Xobeh.
  4165 | D:2      | Bought a +1 vorpal hunting sling for 92 gold pieces
  4803 | D:5      | Reached skill level 1 in Slings
  4822 | D:5      | Reached skill level 1 in Polearms
  4869 | D:5      | Reached XP level 7. HP: 36/61 MP: 5/5
  5031 | D:5      | Found Kynau's Antique Weapon Boutique.
  5591 | D:5      | Identified 2 scrolls of acquirement
  5591 | D:5      | Acquired a +0 pair of gloves of archery
  5648 | D:5      | Reached * piety under Makhleb
  5883 | D:5      | Noticed a moth of wrath
  6285 | D:5      | Reached XP level 8. HP: 29/68 MP: 5/5
  6647 | D:6      | Noticed Blork the orc
  6658 | D:6      | Killed Blork the orc
  6659 | D:6      | Reached skill level 5 in Slings
  6895 | D:2      | Bought a dented cabochon amulet for 115 gold pieces
  7127 | D:6      | You fall into a shaft and drop 1 floor!
  7167 | D:7      | Acquired the +10 fustibalus of Painyx {venom, Will+ Int+3
                  | Dex+4}
  7292 | D:7      | Found a snail-covered altar of Cheibriados.
  7662 | D:6      | Found a stormy altar of Qazlal.
  7852 | D:7      | Gained mutation: You passively map the area around you.
                  | [Deep Dwarf growth]
  7852 | D:7      | Reached XP level 9. HP: 69/76 MP: 6/6
  7861 | D:7      | Found an ancient bone altar of Kikubaaqudgha.
  8533 | D:8      | Found a glowing golden altar of the Shining One.
  8533 | D:8      | Found a radiant altar of Vehumet.
  8639 | D:8      | Found a shimmering blue altar of Sif Muna.
  8754 | D:8      | Reached skill level 5 in Armour
  8762 | D:8      | Reached ** piety under Makhleb
  9158 | D:2      | Bought a ruby ring for 115 gold pieces
  9165 | D:2      | Learned a level 2 spell: Slow
  9311 | D:9      | Noticed Joseph
  9319 | D:9      | Killed Joseph
  9541 | D:9      | Noticed a troll
  9546 | D:9      | Killed a troll
  9547 | D:9      | Reached skill level 5 in Fighting
  9659 | D:9      | Noticed a troll
  9661 | D:9      | Killed a troll
  9681 | D:9      | Found a hide-covered altar of Uskayaw.
  9729 | D:9      | Noticed a cyclops
  9734 | D:9      | Killed a cyclops
  9735 | D:9      | Reached XP level 10. HP: 49/88 MP: 6/6
  9761 | D:9      | Reached skill level 10 in Slings
 10015 | D:9      | Noticed Grum
 10018 | D:9      | Killed Grum
 10720 | D:10     | Entered Level 10 of the Dungeon
 10894 | D:10     | Reached *** piety under Makhleb
 11092 | D:10     | Found a staircase to the Orcish Mines.
 11551 | D:11     | Noticed a centaur warrior
 11556 | D:11     | Killed a centaur warrior
 11577 | D:11     | Reached XP level 11. HP: 46/97 MP: 7/7
 11689 | D:11     | Found a gate leading to a gauntlet.
 11770 | D:11     | Found a staircase to the Lair.
 11772 | D:11     | Noticed a centaur warrior
 11775 | D:11     | Killed a centaur warrior
 11775 | D:11     | Reached **** piety under Makhleb
 11810 | Gauntlet | Entered a Gauntlet
 11811 | Gauntlet | Found a transporter.
 11820 | Gauntlet | Found a transporter.
 11830 | Gauntlet | Found a transporter.
 11845 | Gauntlet | Found a transporter.
 11856 | Gauntlet | Found a transporter.
 11870 | Gauntlet | Found a transporter.
 11876 | Gauntlet | Found a transporter.
 11881 | Gauntlet | Noticed a wizard
 11886 | Gauntlet | Noticed a sixfirhy
 11890 | Gauntlet | Found a transporter.
 11895 | Gauntlet | Noticed a sixfirhy
 11897 | Gauntlet | Found a transporter.
 11900 | Gauntlet | Found a transporter.
 11905 | Gauntlet | Found a transporter.
 11934 | Gauntlet | Found a transporter.
 12094 | D:11     | Found a runed translucent gate.
 12094 | D:11     | Found a runed translucent gate.
 12094 | D:11     | Found a runed translucent gate.
 12386 | D:11     | Noticed Atlas's ghost (novice DgIE)
 12424 | Lair:1   | Entered Level 1 of the Lair of Beasts
 12587 | Lair:1   | Found a dark tunnel.
 12729 | Lair:1   | Reached skill level 5 in Invocations
 13598 | Lair:2   | Found a staircase to the Snake Pit.
 13624 | Lair:2   | Reached skill level 5 in Evocations
 13624 | Lair:2   | Reached XP level 12. HP: 50/106 MP: 12/12
 14473 | Lair:3   | Noticed a death yak
 14474 | Lair:3   | Noticed a death yak
 14483 | Lair:3   | Noticed a death yak
 14484 | Lair:3   | Noticed a death yak
 14490 | Lair:3   | Killed a death yak
 14498 | Lair:3   | Noticed a death yak
 14507 | Lair:3   | Noticed a death yak
 14513 | Lair:3   | Killed a death yak
 14513 | Lair:3   | Reached ***** piety under Makhleb
 14531 | Lair:3   | Killed a death yak
 14546 | Lair:3   | Killed a death yak
 14553 | Lair:3   | Killed a death yak
 14565 | Lair:3   | Killed a death yak
 14725 | Lair:3   | Found a shimmering blue altar of Sif Muna.
 15027 | Lair:3   | Reached XP level 13. HP: 98/117 MP: 13/13
 15439 | Lair:4   | Found a frozen archway.
 15465 | IceCv    | Entered an ice cave
 15891 | IceCv    | Reached skill level 10 in Armour
 16180 | IceCv    | Noticed a reaper
 16198 | IceCv    | Killed a reaper
 16677 | Lair:4   | Found a staircase to the Swamp.
 17209 | Lair:4   | Noticed Josephine
 17248 | Lair:4   | Killed Josephine
 17977 | Lair:5   | Reached skill level 10 in Shields
 18087 | Lair:5   | Gained mutation: You resist negative energy. (rN+) [Deep
                  | Dwarf growth]
 18087 | Lair:5   | Reached XP level 14. HP: 88/129 MP: 13/13
 18940 | Lair:6   | Entered Level 6 of the Lair of Beasts
 19327 | Lair:6   | Reached ****** piety under Makhleb
 20248 | Lair:6   | Reached skill level 10 in Invocations
 20479 | Lair:6   | Found a staircase to the Slime Pits.
 20479 | Lair:6   | Found a viscous altar of Jiyva.
 20500 | Lair:6   | Identified the +1 ring mail of the Desert {rPois Will+
                  | Str+2 Stlth+}
 20546 | Lair:6   | Identified the +6 hand axe of Kuotup {protect, Drain rN+
                  | Int+4 Stlth+}
 21642 | Lair:6   | Reached XP level 15. HP: 101/136 MP: 18/18
 22445 | Orc:1    | Entered Level 1 of the Orcish Mines
 22463 | Orc:1    | Found Xairag's Assorted Antiques.
 22528 | Orc:1    | Bought a fine granite ring for 160 gold pieces
 22528 | Orc:1    | Identified the ring of Nozidweph {rF+ Dex+4} (You bought it
                  | in a shop on level 1 of the Orcish Mines)
 22534 | Orc:1    | Found Upnulu's Assorted Antiques.
 22759 | Orc:2    | Entered Level 2 of the Orcish Mines
 23031 | Orc:2    | Found a staircase to the Elven Halls.
 24101 | Orc:2    | Reached skill level 15 in Invocations
 24147 | Orc:2    | Found Nekont's Book Shoppe.
 24147 | Orc:2    | Found Zatoat Emoa's Weapon Boutique.
 24149 | Orc:2    | Found Wuelec's Antique Weapon Boutique.
 24149 | Orc:2    | Found Neann's Jewellery Shoppe.
 24210 | Orc:2    | Found Seyro's Armour Boutique.
 24245 | Orc:1    | Found Ypozxauva's Jewellery Emporium.
 24389 | Orc:2    | Bought a translucent flail for 272 gold pieces
 24389 | Orc:2    | Identified the +8 flail "Hiasm" {drain, rElec rN+ Will++
                  | Int-5} (You bought it in a shop on level 2 of the Orcish
                  | Mines)
 24469 | Orc:1    | Bought the ring of the Firefly {rC+ Str+8} for 536 gold
                  | pieces
 24550 | Orc:2    | Bought a book of Cantrips for 256 gold pieces
 24553 | Orc:2    | Learned a level 1 spell: Animate Skeleton
 24555 | Orc:2    | Learned a level 1 spell: Apportation
 24559 | Orc:2    | Learned a level 3 spell: Mephitic Cloud
 24761 | D:12     | Found an iron altar of Okawaru.
 24873 | D:12     | Noticed Urug
 24880 | D:12     | Killed Urug
 25083 | D:12     | Found a transporter.
 25084 | D:12     | Noticed Maimakterion's ghost (journeyman DEEE)
 25085 | D:12     | Identified the +2 great mace "Lilecol" {freeze, *Rage rElec
                  | rF+}
 25085 | D:12     | Noticed a frost giant
 25089 | D:12     | Found a transporter.
 25253 | D:12     | Reached skill level 10 in Fighting
 25747 | D:13     | Noticed Snorg
 25753 | D:13     | Killed Snorg
 26101 | D:13     | Noticed Maurice
 26113 | D:13     | Killed Maurice
 26626 | D:13     | Noticed a frost giant
 26629 | D:13     | Noticed a storm dragon
 26635 | D:13     | Killed a frost giant
 26644 | D:13     | Killed a storm dragon
 26669 | D:13     | Identified the +5 ring mail "Qiek" {rC+++ rN+}
 26702 | D:13     | Reached skill level 10 in Evocations
 27071 | D:14     | Found Pashrast's Serpentskin Sales.
 27445 | D:14     | Reached XP level 16. HP: 152/152 MP: 21/21
 27520 | D:14     | Noticed a sphinx
 27526 | D:14     | Killed a sphinx
 27667 | D:14     | Found a gate to the Vaults.
 28246 | D:14     | Found a runed translucent door.
 28690 | D:15     | Entered Level 15 of the Dungeon
 28837 | D:15     | Reached skill level 1 in Necromancy
 28896 | D:15     | Found a sacrificial altar of Ru.
 29258 | D:15     | Found a staircase to the Depths.
 29279 | D:15     | Reached skill level 5 in Necromancy
 29847 | D:2      | Bought a wand of paralysis (9) for 46 gold pieces
 30174 | Swamp:1  | Entered Level 1 of the Swamp
 30403 | Swamp:1  | Identified the +5 war axe of Meopreda {vorpal, rPois Str-4
                  | SInv}
 30473 | Swamp:1  | You are sucked into a shaft and drop 1 floor!
 30490 | Swamp:2  | Reached skill level 1 in Spellcasting
 30935 | Swamp:1  | Noticed Louise
 30947 | Swamp:1  | Killed Louise
 32717 | Swamp:3  | Noticed a thorn hunter
 32728 | Swamp:3  | Killed a thorn hunter
 32729 | Swamp:3  | Reached XP level 17. HP: 79/159 MP: 22/22
 33029 | Swamp:4  | Entered Level 4 of the Swamp
 34686 | Swamp:4  | Got a decaying rune of Zot
 34986 | D:11     | Killed Atlas's ghost
 35082 | Snake:1  | Entered Level 1 of the Snake Pit
 35285 | Orc:2    | Bought Sif Muna's Incunabulum of Doomed Conjuration for 416
                  | gold pieces
 35289 | Orc:2    | Learned a level 3 spell: Vampiric Draining
 35733 | Snake:1  | Found Zisoimau's Weapon Emporium.
 35835 | Snake:1  | Acquired a manual of Invocations
 36323 | Snake:1  | Reached skill level 10 in Necromancy
 36774 | Snake:2  | Found Gifust's Jewellery Shoppe.
 36775 | Snake:2  | Found Saipous's Assorted Antiques.
 36775 | Snake:2  | Found Usibizep's Jewellery Shoppe.
 36780 | Snake:2  | Found Gideuc's Assorted Antiques.
 36799 | Snake:2  | Bought a knobbly cabochon ring for 105 gold pieces
 36803 | Snake:2  | Bought a scroll of fear for 73 gold pieces
 36803 | Snake:2  | Bought a potion of might for 84 gold pieces
 36803 | Snake:2  | Bought a brown potion for 18 gold pieces
 36978 | Snake:2  | Gained mutation: You passively map a large area around you.
                  | [Deep Dwarf growth]
 36978 | Snake:2  | Reached XP level 18. HP: 170/174 MP: 22/22
 39406 | Snake:4  | Entered Level 4 of the Snake Pit
 40744 | Snake:4  | Got a serpentine rune of Zot
 40840 | Snake:4  | Identified the +4 ring mail "Warivudd" {MP+9 Str-2 Dex-3
                  | Stlth+}
 40928 | Snake:4  | Reached XP level 19. HP: 181/181 MP: 25/25
 41652 | Snake:4  | Found Osiho's Assorted Antiques.
 41663 | Snake:4  | Bought a scroll of enchant armour for 292 gold pieces
 41663 | Snake:4  | Bought a wand of iceblast (10) for 156 gold pieces
 41663 | Snake:4  | Bought a scroll of fog for 78 gold pieces
 41898 | Vaults:1 | Entered Level 1 of the Vaults
 41941 | Vaults:1 | Learned a level 3 spell: Swiftness
 42418 | Vaults:1 | Reached skill level 10 in Axes
 44825 | Vaults:2 | Noticed Aizul
 44859 | Vaults:2 | Killed Aizul
 45033 | Vaults:2 | Reached XP level 20. HP: 92/192 MP: 8/27
 47572 | Vaults:3 | Reached skill level 15 in Axes
 47768 | Vaults:3 | Found Nobrioch's Magic Scroll Shoppe.
 47776 | Vaults:3 | Bought a scroll of blinking for 165 gold pieces
 47776 | Vaults:3 | Bought a scroll of teleportation for 66 gold pieces
 47776 | Vaults:3 | Bought a scroll of magic mapping for 77 gold pieces
 47994 | Vaults:3 | Cast into level 4 of the Abyss (tengu reaver)
 47994 | Abyss:4  | Found a corrupted altar of Lugonu.
 48015 | Vaults:3 | Escaped the Abyss
 48336 | Vaults:3 | Found a staircase to the Crypt.
 48382 | Vaults:3 | You are sucked into a shaft and drop 1 floor!
 48792 | Vaults:4 | Noticed Bai Suzhen
 48828 | Vaults:4 | Killed Bai Suzhen
 48859 | Vaults:4 | Reached skill level 15 in Shields
 49126 | Vaults:4 | Reached skill level 1 in Dodging
 49420 | Vaults:4 | Reached skill level 5 in Dodging
 49574 | Vaults:4 | Reached XP level 21. HP: 199/199 MP: 28/28
 51057 | Elf:1    | Entered Level 1 of the Elven Halls
 51057 | Elf:1    | Noticed Frances
 51065 | Elf:1    | Paralysed by an air elemental for 1 turns
 51067 | Elf:1    | Killed Frances
 51070 | Elf:1    | Paralysed by an air elemental for 1 turns
 51079 | Elf:1    | Paralysed by an air elemental for 1 turns
 51081 | Elf:1    | Paralysed by an air elemental for 1 turns
 51720 | Elf:1    | Noticed Azrael
 51739 | Elf:1    | Reached skill level 10 in Dodging
 51746 | Elf:1    | Killed Azrael
 52405 | Elf:1    | Got the Reference Book on Conjuration
 52903 | Elf:2    | Paralysed by an air elemental for 1 turns
 53129 | Elf:2    | Found a runed translucent gate.
 53136 | Elf:2    | Found a runed translucent gate.
 53137 | Elf:2    | Found a runed translucent gate.
 53599 | Depths:1 | Entered Level 1 of the Depths
 54366 | Depths:1 | You are sucked into a shaft and drop 1 floor!
 54643 | Depths:2 | Found a one-way gate leading to the halls of Pandemonium.
 54689 | Depths:2 | Noticed a caustic shrike
 54706 | Depths:2 | Killed a caustic shrike
 54726 | Depths:2 | Reached XP level 22. HP: 197/207 MP: 29/29
 54743 | Depths:2 | Reached skill level 15 in Dodging
 55035 | Depths:2 | Found a gateway to a ziggurat.
 55081 | Depths:2 | Found a one-way gate to the infinite horrors of the Abyss.
 55434 | Depths:2 | Identified the +12 dagger of Puuk Doo {vorpal, Str+3}
 55669 | Depths:2 | Found a gateway to Hell.
 55945 | Depths:3 | Reached skill level 15 in Fighting
 56478 | Depths:3 | Noticed a caustic shrike
 56499 | Depths:3 | Killed a caustic shrike
 56519 | Depths:3 | Noticed a golden dragon
 56545 | Depths:3 | Killed a golden dragon
 56575 | Depths:3 | Noticed a golden dragon
 56584 | Depths:3 | Killed a golden dragon
 56606 | Depths:3 | Reached skill level 15 in Armour
 57717 | Snake:2  | Bought the ring of Xafigum {rN+ Will+ Int+4 Dex-5 SInv} for
                  | 659 gold pieces
 59730 | Depths:4 | Reached XP level 23. HP: 155/219 MP: 29/29
 60444 | Depths:4 | Found an opulent altar of Gozag.
 60569 | Depths:5 | Entered Level 5 of the Depths
 62139 | Depths:5 | Found a gate to the Realm of Zot.
 62877 | Depths:5 | Noticed Sojobo
 62891 | Depths:5 | HP: 10/223 [frost giant (17)]
 62928 | Depths:5 | Killed Sojobo
 63752 | Elf:3    | Entered Level 3 of the Elven Halls
 64383 | Elf:3    | Paralysed by an air elemental for 1 turns
 64389 | Elf:3    | Paralysed by an air elemental for 1 turns
 64394 | Elf:3    | Paralysed by an air elemental for 1 turns
 64397 | Elf:3    | Paralysed by an air elemental for 1 turns
 64401 | Elf:3    | Paralysed by an air elemental for 1 turns
 65148 | Elf:3    | Identified the +8 trident of Wounding {freeze, rElec rC++
                  | Str-4}
 65158 | Elf:3    | Identified the +4 short sword of Forced Transition {drain,
                  | MP+9 Str+2}
 65183 | Elf:3    | Reached XP level 24. HP: 77/234 MP: 20/26
 65226 | Elf:3    | Acquired a +2 helmet of intelligence
 65244 | Elf:3    | Acquired 495 gold pieces
 65249 | Elf:3    | Acquired 634 gold pieces
 65556 | Elf:3    | Identified the +6 war axe of Destiny {freeze, rElec MP+9}
 65662 | Elf:3    | Identified the +4 war axe "Demonbane" {protect, rElec
                  | Int+4}
 65662 | Elf:3    | Identified the ring "Cot Buuh" {rN++ Dex+6 Slay+4 Stlth-}
 65701 | Elf:3    | Identified the +5 hunting sling of Anxiety {venom, rElec
                  | Stlth+}
 65722 | Elf:3    | Got the Almanac of Shifting Weightlessness
 65724 | Elf:3    | Identified the +0 scale mail "Dacs" {rN+ Will+ rCorr
                  | Stlth-}
 66414 | Snake:2  | Bought the ring "Rahul" {Wiz rF+ Str+4} for 943 gold pieces
 66728 | Crypt:1  | Entered Level 1 of the Crypt
 68039 | Crypt:2  | Learned a level 2 spell: Blink
 68102 | Crypt:2  | Found a basalt altar of Yredelemnul.
 68801 | Crypt:2  | Reached skill level 5 in Translocations
 68828 | Crypt:2  | Noticed Saint Roka
 68846 | Crypt:2  | Killed Saint Roka
 69056 | Crypt:2  | Found the amulet of the Four Winds {rN+ Will+++ Clar}
 69129 | Crypt:3  | Entered Level 3 of the Crypt
 69367 | Crypt:3  | Noticed Mara
 69376 | Crypt:3  | Noticed dolemite99's illusion
 69425 | Crypt:3  | Killed Mara
 69793 | Crypt:3  | Noticed Boris
 69806 | Crypt:3  | Killed Boris
 69954 | Crypt:3  | Reached skill level 10 in Translocations
 70183 | Crypt:3  | Found a staircase to the Tomb.
 70368 | Crypt:3  | Reached XP level 25. HP: 202/244 MP: 26/26
 70472 | Crypt:3  | Identified the ring of Doubts {rElec rC+ rN++ Int-3}
 71159 | Crypt:3  | Found a basalt altar of Yredelemnul.
 71163 | Crypt:3  | Found an ancient bone altar of Kikubaaqudgha.
 71164 | Crypt:3  | Noticed a royal mummy
 71531 | Vaults:5 | Entered Level 5 of the Vaults
 71728 | Vaults:5 | Noticed a dread lich
 72152 | Vaults:5 | Reached skill level 15 in Translocations
 72329 | Vaults:5 | Identified the +7 trident of Cataclysm {pain, Will+ Str+2}
 72453 | Vaults:5 | Identified the +4 great mace of Verphaxa {freeze, +Rage
                  | Int+2}
 72652 | Vaults:5 | Killed a dread lich
 72925 | Vaults:5 | Identified the ring "Xowextul" {Drain rC++ rN++ Dex+6}
 73347 | Vaults:5 | Got a silver rune of Zot
 73559 | Vaults:5 | Noticed an ancient lich
 73570 | Vaults:5 | Killed an ancient lich
 73766 | Vaults:5 | Reached XP level 26. HP: 157/260 MP: 23/23
 74309 | Vaults:5 | Learned a level 6 spell: Death Channel
 74615 | Vaults:5 | Reached skill level 5 in Spellcasting
 74887 | Vaults:5 | Identified the ring "Egeath" {rC+ EV+4}
 75161 | Vaults:5 | Reached skill level 15 in Necromancy
 75916 | Orc:2    | Bought a book of the Moon for 640 gold pieces
 75922 | Orc:2    | Learned a level 4 spell: Passage of Golubria
 75926 | Orc:2    | Learned a level 3 spell: Lesser Beckoning
 75931 | Orc:2    | Learned a level 4 spell: Dispel Undead
 75937 | Orc:2    | Learned a level 5 spell: Manifold Assault
 75938 | Orc:2    | Upgraded the game from 0.28-a0-313-gbc0475efdd to
                  | 0.28-a0-381-g937acc2988
 76336 | Zot:1    | Entered Level 1 of the Realm of Zot
 76436 | Zot:1    | Noticed an orb of fire
 76441 | Zot:1    | Gained mutation: You sometimes lose the ability to read
                  | scrolls when taking damage. [an orb of fire]
 76441 | Zot:1    | Gained mutation: You are clumsy. (Dex -2) [an orb of fire]
 76458 | Zot:1    | Gained mutation: You are frail. (-10% HP) [an orb of fire]
 76464 | Zot:1    | Killed an orb of fire
 78503 | D:12     | Killed Maimakterion's ghost
 78646 | Lair:3   | Lost mutation: You sometimes lose the ability to read
                  | scrolls when taking damage. [potion of mutation]
 78646 | Lair:3   | Lost mutation: You are clumsy. (Dex -2) [potion of
                  | mutation]
 78646 | Lair:3   | Gained mutation: Your spells are a little easier to cast,
                  | but a little less powerful. [potion of mutation]
 78646 | Lair:3   | Gained mutation: Potions are less effective at restoring
                  | your health. [potion of mutation]
 78862 | Zig:1    | Entered Level 1 of a ziggurat
 78883 | Zig:2    | Entered Level 2 of a ziggurat
 78921 | Zig:3    | Entered Level 3 of a ziggurat
 78977 | Zig:3    | Identified the +9 glaive of Invincibility {elec, rPois rC-
                  | Int+5}
 78983 | Zig:4    | Entered Level 4 of a ziggurat
 79064 | Zig:4    | Identified the +1 pair of boots "Nidugrof" {Regen+ Int+4
                  | Dex-5 Stlth-}
 79076 | Zig:4    | Acquired a manual of Summonings
 79079 | Zig:4    | Acquired the +3 pair of gauntlets of War {Slay+5}
 79079 | Zig:4    | Found the +3 pair of gauntlets of War {Slay+5}
 79108 | Zig:5    | Entered Level 5 of a ziggurat
 79447 | Zig:5    | Reached XP level 27. HP: 176/243 MP: 11/11
 79556 | Zig:6    | Entered Level 6 of a ziggurat
 79579 | Zig:6    | HP: 8/243 [ancient champion/iron shot (37)]
 79580 | Zig:6    | Killed from afar by an ancient champion

Illustrated notes

Levels and vault maps discovered:
D:1:      eino_arrival_cavern_a, layout_basic
D:2:      layout_basic, chequers_ecumenical_altar_twisty, serial_shops,
          nicolae_shop_statue_plus, shop, shop, shop,
          corexii_item_surrounded_by_moat
D:3:      layout_loops_cross, ebering_ghost_disaster_area,
          roderic_serpentine_path
D:4:      layout_basic, general_overflow_altar, minmay_temple_entry_butterflies
D:5:      layout_layer_cave, tgw_trog, serial_shops, shop_statue
D:6:      layout_loops_ring, lemuel_coloured_pillars_altar, uniq_blork_the_orc
D:7:      layout_cave_pools, nicolae_overflow_crystal_walls,
          mainiacjoe_overflow_catwalk
D:8:      layout_rooms, grunt_temple_overflow_open,
          nicolae_sif_muna_condensation
D:9:      layout_basic, kennysheep_mini_moat, uniq_joseph, uniq_grum
D:10:     layout_rooms, david_orc_4, lightli_orcish_oven
D:11:     layout_big_octagon, due_lair_maze_entry_diamond,
          gauntlet_entry_generic, ebering_ghost_rock_garden
D:12:     layout_long_grid, gammafunk_ghost_smash, okawaru_gym_becter, uniq_urug
D:13:     minmay_two_paths, layout_loops_ring, uniq_maurice, uniq_snorg
D:14:     minmay_the_grid_triangle_9x9_line_8_mashed
          [minmay_the_grid_triangle_9x9_subtriangle,
          minmay_the_grid_triangle_9x9_descending_squares,
          minmay_the_grid_triangle_9x9_zippers_vertical,
          minmay_the_grid_triangle_9x9_zippers_horizontal,
          minmay_the_grid_triangle_9x9_intruding_spiral,
          minmay_the_grid_triangle_9x9_from_above,
          minmay_the_grid_triangle_9x9_limited_checkers,
          minmay_the_grid_triangle_9x9_prize_top_heavy], layout_layer_cave,
          david_vaults_2, guppyfry_shop_venom
D:15:     hangedman_depths_entry_try_elsewhere_first, layout_loops_ring,
          nicolae_ru_the_path_less_chosen, serial_glass, glass_columns_a,
          glass_columns_c, glass_columns_c, glass_columns_c
Temple:   cyrus_circular_temple
Lair:1:   layout_chaotic_city, enter_volcano_4, hibernation_bobbens,
          serial_bayou_shore_b
Lair:2:   layout_roguey, minmay_snake_entry_six_corridors, st_stairs_10,
          minivault_24
Lair:3:   layout_loops_ring, lemuel_oklob_altar
Lair:4:   layout_long_grid, minmay_swamp_entry_swarm,
          portal_ice_cave_entry_pillars_1, grunt_megastairs_1, uniq_josephine
Lair:5:   layout_long_grid, beast_lair_carwin_1, infiniplex_staircase_pool_2,
          grunt_megastairs_5, serial_bayou_shore_b
Lair:6:   due_jungle_book, layout_cave_pods, slime_altar_1, serial_bayou_pond_b
Swamp:1:  layout_basic_swamp, evilmike_swamp_ruin_house_4, swamp_pool2,
          nicolae_swamp_drake_lake, uniq_louise
Swamp:2:  layout_basic_swamp, evilmike_swamp_ruin_house_2
Swamp:3:  layout_basic_swamp, nicolae_swamp_trees_clearing
Swamp:4:  swamp_vile, layout_basic_swamp, nicolae_swamp_bunyip_nook
Snake:1:  layout_cave_shapes, serial_shops, nicolae_shop_window_shopping,
          st_stairs_5, grunt_megastairs_2, serial_bayou_shore_a
Snake:2:  layout_honeycomb, minmay_shoptagon, serial_bayou_shore_b,
          serial_bayou_shore_b
Snake:3:  layout_basic
Snake:4:  grunt_snake_rune_spirals, layout_onion_interference, serial_shops,
          shop, serial_bayou_lagoon_b
Orc:1:    layout_diamond_mine, serial_shops,
          nicolae_shop_temple_entry_statues_fountains, nicolae_lakefront_shop,
          shop, nicolae_shop_competitors_out_of_business
Orc:2:    grunt_orc_tribal_feast, layout_diamond_mine, serial_shops,
          nicolae_shop_behind_doors, basic_altar
Elf:1:    minmay_elf_arrival_summoners, layout_geoelf_octagon,
          minmay_elf_annihilation, grunt_megastairs_3, uniq_azrael, uniq_frances
Elf:2:    elven_hall_of_blades_hangedman_original
          [nicolae_blade_entry_diamond_columns], layout_rooms, uniq_donald
Elf:3:    elf_hall, layout_onion_city
Vaults:1: nicolae_vaults_angled_halls, vaults_mumra_minichess_inversion,
          vaults_room_door_hall, serial_ice_b, layout_vaults_omnigrid
Vaults:2: st_quartered_hall, hangedman_vaults_locks, vaults_dpeg_diagonal,
          vaults_room_hallway, v_misc_18, nicolae_vaults_stairing_the_circle,
          vaults_room_fancy_cross, dpeg_vaults_monster_box,
          nicolae_vaults_windows_and_doors_thing, layout_vaults_maze, uniq_aizul
Vaults:3: v_misc_29, vaults_room_corners, nicolae_vaults_big_ls,
          minmay_crypt_entry_simple_plaza, vaults_room_fours,
          nicolae_vaults_angled_halls, grunt_vaults_funnel,
          nicolae_vaults_network_quinsquares
          [nicolae_vaults_network_quincunx_subvault,
          nicolae_vaults_network_quincunx_subvault,
          nicolae_vaults_network_quincunx_subvault,
          nicolae_vaults_network_quincunx_subvault], ontoclasm_vaults_ligature,
          st_cells, layout_vaults_omnibox, serial_shops, shop
Vaults:4: st_more_cells, v_misc_4, hangedman_vaults_restitches,
          vaults_room_pools, nicolae_vaults_gold_heap, vaults_room_fancy_cross,
          v_pattern_5, vaults_room_door_ring, v_misc_9, vaults_room_hallway,
          layout_vaults_chaotic_city, uniq_bai_suzhen
Vaults:5
Crypt:1:  layout_rooms, minivault_26, grunt_crypt_arrival_split
Crypt:2:  layout_basic, lemuel_hellish_altar, uniq_saint_roka
Crypt:3:  lightli_unholy_cathedral, layout_chaotic_city,
          nicolae_tomb_entry_unfolded_pyramid_diagonal, uniq_mara, uniq_boris
Depths:1: layout_cave_shapes, hell_entry, rand_demon_pan_entry_8,
          water_maze_lemuel, serial_bayou_shore_b, serial_bayou_shore_b,
          serial_bayou_shore_b, infiniplex_staircase_pool_lava,
          grunt_megastairs_4, minmay_shop_grove
Depths:2: minmay_ambush_box, layout_gridlike, enter_ziggurat_a,
          hangedman_glass_teeth, abyss_entry, grunt_hell_entry_dis_grunt,
          pan_entry
Depths:3: cheibrodos_salmonella, layout_gridlike, pan_entry,
          pf_vacation_house_of_asmodeus, infiniplex_staircase_star
Depths:4: wad_courtyard, layout_cave_pools, hangedman_tar_grid_catacomb,
          abyss_entry, grunt_gozag_statues
Depths:5: grunt_bruiser_brothers, layout_cave_shapes, hangedman_coc_ice_floe,
          nicolae_two_hexagons, rand_demon_pan_entry_1, abyss_entry, uniq_sojobo
Zot:1:    layout_cellular_growth, zot_minivault_5
Zig:6

Skill      XL: |  1  2  3  4  5  6  7  8  9 10 11 12 13 14 15 16 17 18 19 20 21 22 23 24 25 26 |
---------------+-------------------------------------------------------------------------------+-----
Axes           | 3 4 5 7 8 11 15 17 | 17.8
Slings         | 1 4 7 9 11 12 13 | 13.8
Polearms       | 1 3 |  3.4
Fighting       | 3 5 6 7 9 12 13 14 15 17 18 19 20 | 20.4
Armour         | 4 6 7 9 11 13 15 17 19 | 19.1
Shields        | 6 8 10 13 14 15 | 15.0
Invocations    | 7 12 15 19 20 | 20.9
Evocations     | 5 9 11 13 | 13.7
Necromancy     | 9 10 14 17 | 17.1
Spellcasting   | 3 9 |  9.1
Dodging        | 5 14 15 | 15.5
Translocations | 11 15 | 15.4
Summonings     | 6 |  6.5

Action                   |  1- 3 |  4- 6 |  7- 9 | 10-12 | 13-15 | 16-18 | 19-21 | 22-24 | 25-27 || total
-------------------------+-------+-------+-------+-------+-------+-------+-------+-------+-------++-------
Melee: War axe           |    97 |   121 |    84 |       |    29 |       |       |       |    58 ||   389
       Spear             |       |       |     5 |       |       |       |       |       |       ||     5
       Fustibalus        |       |       |       |     2 |     2 |       |     2 |     1 |     5 ||    12
       Unarmed           |       |       |       |       |     2 |       |       |       |       ||     2
       Demon trident     |       |       |       |       |       |       |    13 |       |       ||    13
       Broad axe         |       |       |       |       |       |       |   149 |   139 |   214 ||   502
 Fire: Hunting sling     |       |    32 |   130 |       |       |       |       |       |       ||   162
       Fustibalus        |       |       |   109 |   420 |  1277 |  1455 |  1628 |  1710 |   811 ||  7410
Throw: Dart              |       |    28 |       |       |       |       |       |       |       ||    28
       Stone             |       |       |       |       |       |       |     4 |     4 |     7 ||    15
 Cast: Animate Skeleton  |       |       |       |       |       |    86 |    87 |    58 |    52 ||   283
       Vampiric Draining |       |       |       |       |       |    20 |   165 |   110 |   122 ||   417
       Blink             |       |       |       |       |       |       |       |     1 |     8 ||     9
       Death Channel     |       |       |       |       |       |       |       |       |     3 ||     3
Invok: Lesser Servant of |       |       |       |     5 |    19 |    12 |       |     2 |     2 ||    40
       Greater Servant o |       |       |       |       |     1 |     7 |     6 |    19 |    10 ||    43
       Major Destruction |       |       |       |       |       |    10 |    18 |    15 |    29 ||    72
 Abil: Heal Wounds       |       |     4 |    10 |     4 |     3 |     4 |     2 |    20 |    43 ||    90
Evoke: Phial of floods   |       |       |       |       |     3 |     6 |     4 |     7 |     4 ||    24
       Wand              |       |       |       |       |     3 |    47 |    31 |     7 |    19 ||   107
       Phantom mirror    |       |       |       |       |       |     6 |     5 |     7 |     3 ||    21
       Condenser vane    |       |       |       |       |       |       |       |    11 |     8 ||    19
       Tin of tremorston |       |       |       |       |       |       |       |     3 |     7 ||    10
  Use: Scroll            |     1 |       |    16 |     7 |    12 |     9 |    15 |    14 |    20 ||    94
       Potion            |       |       |       |       |       |     1 |     4 |     6 |    18 ||    29
 Stab: Distracted        |       |       |       |       |       |       |       |     1 |     4 ||     5
       Invisible         |       |       |       |       |       |       |       |       |     1 ||     1
Armor: Scale mail        |    31 |       |       |       |       |       |       |       |       ||    31
       Chain mail        |    19 |    82 |    46 |       |       |       |       |       |       ||   147
       Plate armour      |       |       |    24 |    90 |   327 |   329 |   386 |       |       ||  1156
       Storm dragon scal |       |       |       |       |       |       |   174 |   134 |    20 ||   328
       Gold dragon scale |       |       |       |       |       |       |       |   361 |   627 ||   988
Dodge: Dodged            |    48 |    41 |    49 |    23 |   124 |   165 |   367 |   388 |   378 ||  1583
Block: Kite shield       |    17 |       |    20 |    74 |   336 |   348 |   679 |   599 |   526 ||  2599
       Buckler           |    18 |    21 |    32 |       |       |       |       |       |       ||    71

Table legend: (Time is in decaauts)
 A = Elapsed time spent in this place.
 B = Non-inter-level travel time spent in this place.
 C = Inter-level travel time spent in this place.
 D = Time resting spent in this place.
 E = Time spent auto-exploring this place.
 F = Levels seen in this place.
 G = Mean time per level.
                   A        B        C        D        E       F      G
               +--------+--------+--------+--------+--------+-----+--------+
         Total |  77824 |  68429 |   9395 |  13724 |  35642 |  58 | 1341.8 |
       Dungeon |  20043 |  15900 |   4143 |   2616 |   9689 |  15 | 1336.2 |
        Temple |     55 |     43 |     12 |      0 |     21 |   1 |   55.0 |
          Lair |   9413 |   8295 |   1118 |   1490 |   4498 |   6 | 1568.8 |
         Swamp |   4534 |   4403 |    131 |   1099 |   2028 |   4 | 1133.5 |
     Snake Pit |   6278 |   5832 |    446 |    845 |   3207 |   4 | 1569.5 |
  Orcish Mines |   2821 |   1824 |    997 |    443 |    781 |   2 | 1410.5 |
   Elven Halls |   4344 |   4090 |    254 |    794 |   2195 |   3 | 1448.0 |
        Vaults |  12964 |  12084 |    880 |   2315 |   6390 |   5 | 2592.8 |
         Crypt |   4377 |   4220 |    157 |    805 |   1984 |   3 | 1459.0 |
        Depths |   9143 |   7959 |   1184 |   1455 |   4187 |   5 | 1828.6 |
           Zot |   1800 |   1731 |     69 |    871 |    361 |   1 | 1800.0 |
         Abyss |     20 |     20 |      0 |      0 |      0 |   1 |   20.0 |
      Ziggurat |    692 |    692 |      0 |    370 |     85 |   6 |  115.3 |
      Ice Cave |   1088 |   1088 |      0 |    616 |     79 |   1 | 1088.0 |
      Gauntlet |    245 |    245 |      0 |      0 |    135 |   1 |  245.0 |
               +--------+--------+--------+--------+--------+-----+--------+

Top non-repeatable levels by time:
Vaults:5: 3791 daAuts
Depths:5: 2816 daAuts
Vaults:2: 2737 daAuts
  Lair:6: 2638 daAuts
Vaults:1: 2472 daAuts
Vaults:4: 2154 daAuts
    D:14: 2150 daAuts
   Orc:2: 2136 daAuts
     D:5: 2047 daAuts
 Snake:4: 2035 daAuts
   Elf:3: 1980 daAuts
 Crypt:3: 1975 daAuts
Depths:3: 1967 daAuts
Depths:2: 1871 daAuts
Vaults:3: 1808 daAuts
